 Dungeon Crawl Stone Soup version 0.27.1-3-gb3d3a73c9e (webtiles) character file.

Game seed: 9532920354609314606

23 Eitelfritz the Gusty (level 2, -1/15 HPs)
             Began as a Tengu Air Elementalist on Oct 25, 2021.
             Slain by a kobold (3 damage)
             ... on level 2 of the Dungeon.
             The game lasted 00:03:30 (1824 turns).

Eitelfritz the Gusty (Tengu Air Elementalist)       Turns: 1824, Time: 00:03:31

Health: -1/15      AC:  2    Str:  8    XL:     2   Next: 95%
Magic:  0/6        EV: 12    Int: 15    God:
Gold:   55         SH:  0    Dex: 14    Spells: 2/5 levels left

rFire    . . .     SeeInvis .   (no weapon)
rCold    . . .     Faith    .   (no shield)
rNeg     . . .     Spirit   .   a - +0 robe
rPois    .         Reflect  .   (helmet restricted)
rElec    .         Harm     .   (no cloak)
rCorr    .         Rampage  .   (no gloves)
Will     .....                  (boots unavailable)
Stlth    ++........             (no amulet)
HPRegen  0.05/turn              (no ring)
MPRegen  0.10/turn              (no ring)

@: no status effects
A: beak, talons 3
a: no special abilities


You were on level 2 of the Dungeon.
You visited 1 branch of the dungeon, and saw 2 of its levels.

You collected 55 gold pieces.

Inventory:

Armour
 a - a +0 robe (worn)
Scrolls
 b - a scroll of blinking {unknown}
 f - a scroll of amnesia {unknown}
Potions
 c - a potion of mutation {unknown}
 d - a potion of might {unknown}
 e - a potion of heal wounds {unknown}
 g - a potion of flight {unknown}


   Skills:
 + Level 2.5 Dodging
 + Level 2.0 Stealth
 + Level 0.2 Unarmed Combat
 + Level 2.2 Spellcasting
 + Level 1.7 Conjurations
 + Level 4.6 Air Magic


You had 2 spell levels left.
You knew the following spells:

 Your Spells              Type           Power      Damage    Failure   Level
a - Shock                 Conj/Air       44%        1d5       6%          1
b - Static Discharge      Conj/Air       11%        N/A       9%          2

Your spell library contained the following spells:

 Spells                   Type           Power      Damage    Failure   Level
 Swiftness                Air            15%        N/A       10%         3
 Airstrike                Air            7%         N/A       32%         4
 Portal Projectile        Hex/Tloc       2%         N/A       54%         3
 Blade Hands              Tmut           0%         N/A       99%         5
 Excruciating Wounds      Necr           0%         N/A       99%         5


Dungeon Overview and Level Annotations

Branches:
Dungeon (2/15)

Altars:


Innate Abilities, Weirdness & Mutations

You have a beak for a mouth.
You have claws for feet.


Message History

Press: ? - help, Shift-Dir - straight line, f/p - worm
Aim: a worm (moderately wounded, 89% to hit)
You miscast Shock.
You are very lightly contaminated with residual magic.
Nothing appears to happen.
Unknown command.
Casting: Shock (safe; 6% risk of failure)
Confirm with . or Enter, or press ? or * to list all spells.
You don't know that spell.
A kobold comes into view. It is wielding a +0 short sword.
Casting: Shock (safe; 6% risk of failure)
Confirm with . or Enter, or press ? or * to list all spells.
Aiming: Shock (safe; 6% risk of failure)
Press: ? - help, Shift-Dir - straight line, f - kobold, p - worm
Aim: a kobold, wielding a +0 short sword and wearing a +0 ring mail (wandering, hasn't noticed you, 64% to hit)
The zap misses the kobold.
The kobold shouts!
Found a stone staircase leading down.
The kobold misses you.
Your magical contamination has completely faded away.
The kobold hits you with a +0 short sword.
You hit the kobold but do no damage. The kobold barely misses you.
Casting: Shock (safe; 6% risk of failure)
Confirm with . or Enter, or press ? or * to list all spells.
Aiming: Shock (safe; 6% risk of failure)
Press: ? - help, Shift-Dir - straight line, f/p - kobold
Aim: a kobold, wielding a +0 short sword and wearing a +0 ring mail (64% to hit)
The zap hits the kobold.
The kobold is severely wounded.
The kobold hits you but does no damage. The worm bites you!
Ouch! That really hurt!
* * * LOW HITPOINT WARNING * * *
You hit the kobold but do no damage. You peck the kobold, but do no damage.
The kobold is severely wounded.
The kobold closely misses you. The worm bites you.
* * * LOW HITPOINT WARNING * * *
You hit the kobold but do no damage.
The kobold is severely wounded.
The kobold hits you with a +0 short sword.
You die...

##### ###...#
.###################.....#
>........................'
...####.....#######..#.#...#
#.......##w# ##..#.#.###
#.#.##.###@# #...#.#.# #
#...K.# #.w##.#.# #######
#..##.#.# #..##.#.#
#..##.#.# #.....#.### ....
..... ...? .... ....


You could see a worm and a kobold.

Vanquished Creatures
  A dart slug (D:1)
  2 bats (D:2)
  An endoplasm (D:1)
  A hobgoblin (D:1)
  4 jackals (D:2)
  A kobold (D:1)
  A quokka (D:1)
  2 ball pythons (D:1)
  A frilled lizard (D:1)
  3 goblins
17 creatures vanquished.

Notes
Turn   | Place    | Note
-------+----------+-------------------------------------------
     0 | D:1      | Eitelfritz the Tengu Air Elementalist began the quest for
                  | the Orb.
     0 | D:1      | Reached XP level 1. HP: 10/10 MP: 4/4
   787 | D:1      | Reached XP level 2. HP: 15/15 MP: 4/6
  1656 | D:2      | Learned a level 2 spell: Static Discharge
  1824 | D:2      | Slain by a kobold

Illustrated notes

Levels and vault maps discovered:
D:1:      lightli_iron_boxes, layout_basic
D:2:      layout_basic

Action                   || total
-------------------------++-------
Melee: Unarmed           ||    39
       Kick              ||     6
       Peck              ||     3
 Cast: Shock             ||    39
Armor: Robe              ||     2
Dodge: Dodged            ||    36
